Map: Réminiscences EC

Players

Cervix

  • Race: Terran Terran

Fenix

  • Race: Zerg Zerg

hooper

  • Race: Protoss Protoss

Dragon

  • Race: Protoss Protoss

Zerrotul

  • Race: Zerg Zerg

IIIIIIIIIIII

  • Race: Terran Terran
  • League: Silver

Stio

  • Race: Zerg Zerg

BalB

  • Race: Zerg Zerg

VOD

Have the link to the VOD?

Description

Time

  • Played on: Jan. 19, 2020, 3:35 a.m.
  • Length: 23:46
Show
View Real Time Build Order
Export as new Build Order

Cervix Terran 

Build Orders: 2 Factory 

Get SALT Encoding   

  12  0:03  SCV  
  13  0:15  SCV  
  14  0:23  Supply Depot  
  14  0:27  SCV  
  15  0:33  Refinery  
  15  0:45  SCV  
  16  0:55  Barracks  
  16  0:57  SCV  
  17  1:09  Refinery, SCV  
  18  1:22  SCV  
  19  1:42  Orbital Command  
  19  1:44  Supply Depot  
  19  1:53  Factory  
  19  1:54  Marine  
  20  2:12  SCV  
  21  2:24  SCV  
  21  2:27  Supply Depot  
  22  2:31  Marine  
  22  2:36  SCV  
  24  2:48  SCV  
  24  2:49  Marine  
  26  2:54  Supply Depot  
  26  3:00  SCV  
  27  3:07  Marine  
  27  3:12  SCV  
  29  3:16  Command Center  
  29  3:24  Factory, Marine  
  29  3:26  SCV  
  31  3:38  Factory Reactor  
  31  3:42  Marine  
  31  3:46  SCV  
  33  3:54  Armory  
  33  3:56  Starport  
  33  3:58  SCV  
  34  4:09  Factory Reactor  
  34  4:10  SCV  
  34  4:16  Hellion  
  34  4:17  Hellion  
  36  4:30  Marine  
  36  4:31  Refinery  
  34  4:48  Marine  
  31  4:57  Orbital Command  
  30  5:05  Liberator  
  30  5:06  Marine  
  33  5:07  SCV, Engineering Bay  
  18  5:23  SCV x2  
  18  5:24  Marine  
  17  5:35  SCV x2  
  17  5:42  Marine  
  19  5:47  SCV  
  19  5:48  SCV  
  18  5:59  Marine  
  18  6:00  SCV x2  
  21  6:12  SCV x2  
  21  6:17  Marine  
  24  6:24  SCV x2  
  26  6:36  SCV x2  
  28  6:43  Starport Reactor  
  28  6:51  Factory  
  28  6:53  Barracks Reactor  
  28  6:58  SCV  
  29  7:10  SCV  
  30  7:36  Factory  
  30  7:48  Factory Reactor  
  30  8:02  Supply Depot  
  30  8:03  Supply Depot  
  30  8:04  Hi-Sec Auto Tracking  
  30  8:05  Supply Depot x2  
  30  8:21  Factory Reactor  
  30  8:22  Starport  
  30  8:23  Liberator x2  
  30  8:24  SCV x2  
  30  8:25  Marine x2, Hellbat x2  
  44  8:36  SCV x2  
  46  8:43  Marine x2, Terran Vehicle Weapons Level 1  
  46  8:47  Armory  
  46  8:48  SCV x2  
  50  9:00  SCV x2, Hellbat, Marine x2  
  50  9:01  Neosteel Armor  
  39  9:12  SCV x2  
  41  9:18  Marine x2  
  43  9:24  SCV x2  
  45  9:36  SCV x2  
  47  9:45  Factory  
  47  9:46  Starport Tech Lab  
  47  9:48  SCV x2  
  49  10:00  SCV x2  
  49  10:05  Refinery  
  51  10:11  Medivac  
  51  10:13  SCV  
  54  10:34  SCV x2  
  56  10:46  SCV x2  
  58  10:52  Factory Tech Lab  
  58  10:58  SCV  
  58  11:01  Hellbat  
  61  11:13  Infernal Pre-Igniter  
  61  11:14  Supply Depot  
  61  11:18  SCV  
  62  11:36  SCV x2, Hellbat x3  
  62  11:37  Command Center  
  62  11:38  Supply Depot  
  70  11:51  Supply Depot  
  70  11:52  Terran Vehicle Weapons Level 2, Terran Ship Weapons Level 1  
  70  11:59  Medivac x2  
  70  12:01  Supply Depot x2  
  74  12:02  Hellbat x2  
  78  12:12  Refinery  
  78  12:13  SCV x2, Hellbat  
  78  12:15  Refinery  
  82  12:24  Supply Depot  
  82  12:37  Hellbat x2  
  82  12:38  Hellbat, Missile Turret  
  88  13:00  Missile Turret  
  88  13:12  Missile Turret  
  88  13:13  Missile Turret  
  88  13:14  Planetary Fortress  
  88  13:16  Missile Turret  
  88  13:17  Missile Turret, SCV x2  
  90  13:24  Viking x2  
  94  13:29  SCV  
  94  13:33  SCV  
  96  13:41  Missile Turret, SCV  
  96  13:45  SCV  
  96  13:46  Terran Vehicle And Ship Armor Level 1  
  98  13:53  SCV  
  99  13:57  SCV  
  99  13:59  Missile Turret  
  100  14:04  Supply Depot  
  100  14:06  SCV  
  100  14:09  SCV  
  102  14:18  SCV, Hellbat x4  
  102  14:19  Viking  
  113  14:27  Supply Depot  
  113  14:50  Supply Depot  
  113  14:54  Viking x3  
  113  14:59  SCV x2  
  121  15:11  SCV x2  
  121  15:12  Terran Vehicle Weapons Level 3  
  121  15:13  Supply Depot  
  123  15:23  SCV x2  
  123  15:24  Medivac x3  
  123  15:25  Hellbat  
  123  15:26  Hellbat  
  135  15:36  Supply Depot  
  135  15:37  SCV  
  135  15:38  SCV  
  135  15:40  Terran Ship Weapons Level 2  
  135  15:41  SCV  
  138  15:53  SCV  
  139  16:12  Supply Depot  
  139  16:30  Viking x2  
  145  16:33  Hellbat, Command Center  
  145  16:34  Hellbat  
  145  16:35  Supply Depot  
  147  16:47  Refinery  
  147  16:50  Missile Turret  
  147  16:53  Missile Turret  
  147  17:01  Thor  
  153  17:10  Missile Turret  
  153  17:13  Refinery  
  153  17:14  Missile Turret  
  153  17:32  Missile Turret  
  153  17:35  Missile Turret  
  153  17:43  Thor  
  159  17:49  Terran Vehicle And Ship Armor Level 2  
  159  17:55  Missile Turret  
  159  17:57  Missile Turret  
  159  18:05  Terran Ship Weapons Level 3  
  159  18:26  Thor  
  83  18:34  Viking  
  83  18:35  Viking x2  
  61  19:04  Viking  
  61  19:05  Viking x2  
  61  19:09  Thor  
  73  19:34  Viking  
  75  19:50  Starport  
  75  19:52  Siege Tank, Factory  
  78  20:08  Viking  
  78  20:09  Viking x2  
  84  20:24  Thor  
  90  20:38  Viking  
  90  20:39  Viking x2  
  96  20:58  Starport Reactor  
  96  21:02  Factory Tech Lab  
  96  21:07  Thor  
  96  21:08  Viking  
  96  21:09  Viking x2  
  108  21:38  Viking x2  
  108  21:39  Viking  
  114  21:41  Viking x2  
  100  21:50  Thor  
  98  21:56  Orbital Command  
  98  22:08  Viking x2  
  98  22:09  Viking  
  98  22:11  Viking x2  
  102  22:30  Thor  
  102  22:32  Thor  
  114  22:38  Viking x2  
  114  22:39  Viking  
  114  22:41  Viking  
  122  23:14  Viking x3  
  122  23:15  Viking  
Show
View Real Time Build Order
Export as new Build Order

Fenix Zerg 

Build Orders: Pool First 

Get SALT Encoding   

  12  0:05  Drone  
  13  0:15  Drone  
  13  0:19  Overlord  
  14  0:32  Overlord  
  14  0:41  Extractor  
  13  0:48  Extractor  
  13  0:49  Drone  
  14  0:50  Drone  
  14  0:51  Drone  
  15  1:07  Drone  
  16  1:14  Drone  
  17  1:23  Drone  
  18  1:34  Spawning Pool  
  18  1:36  Drone  
  18  2:03  Drone x2  
  18  2:07  Drone  
  21  2:25  Drone  
  21  2:26  Lair  
  22  2:40  Drone  
  23  2:50  Hatchery  
  22  3:04  Drone x3  
  25  3:17  Drone  
  26  3:23  Queen  
  28  3:29  Drone  
  29  3:56  Drone  
  29  4:00  Overlord x2  
  30  4:20  Spore Crawler  
  29  4:47  Spire  
  29  4:48  Spire  
  29  4:49  Drone x4  
  29  4:50  Drone x5  
  36  5:16  Zergling x8  
  35  5:36  Extractor  
  29  5:50  Drone x3  
  29  5:51  Zergling x2  
  29  5:52  Zergling x8  
  33  5:58  Zergling x2  
  17  6:40  Drone x6  
  14  7:06  Drone x4  
  18  7:12  Zerg Flyer Weapons Level 1  
  18  7:13  Zerg Flyer Armor Level 1  
  18  7:17  Drone  
  19  7:35  Drone x5  
  19  7:36  Queen  
  26  7:38  Lair  
  26  8:02  Drone x4  
  30  8:23  Drone x4  
  34  8:33  Extractor  
  33  8:36  Queen  
  33  8:39  Drone  
  36  8:49  Metabolic Boost  
  36  9:02  Drone x2  
  39  9:10  Drone x6  
  37  9:52  Drone x3  
  40  9:53  Drone  
  40  9:54  Drone x2  
  43  10:02  Zerg Flyer Armor Level 2, Zerg Flyer Weapons Level 2  
  43  10:16  Infestation Pit  
  42  10:33  Drone  
  42  10:34  Drone  
  44  10:39  Queen  
  46  10:42  Mutalisk  
  48  10:53  Hive  
  48  11:18  Hive  
  48  11:22  Mutalisk x2  
  48  11:25  Overlord x5  
  52  11:26  Overlord x2  
  52  11:39  Evolution Chamber  
  51  12:08  Drone x8  
  59  12:22  Hatchery  
  58  12:27  Zerg Ground Armor Level 1  
  58  12:49  Mutalisk  
  58  12:50  Mutalisk x8  
  76  13:01  Drone x3  
  79  13:14  Drone x2  
  79  13:15  Drone  
  82  13:41  Mutalisk x9  
  82  13:43  Adrenal Glands  
  100  13:55  Zerg Flyer Weapons Level 3, Extractor  
  98  13:56  Extractor  
  82  14:54  Mutalisk x3  
  88  15:00  Zerg Flyer Armor Level 3  
  88  15:10  Overlord x3  
  88  15:46  Mutalisk  
  88  15:47  Mutalisk x3  
  96  15:54  Hatchery  
  95  16:11  Drone x2  
  95  16:12  Drone x3  
  100  16:28  Zerg Ground Armor Level 2  
  100  16:32  Extractor x2  
  98  16:34  Mutalisk x3  
  104  17:31  Mutalisk  
  104  17:32  Mutalisk x4  
  114  17:40  Drone x4  
  114  17:44  Queen  
  120  18:32  Mutalisk  
  120  18:33  Mutalisk x6  
  134  18:36  Drone x2  
  136  18:43  Lair  
  136  18:56  Drone x2  
  138  20:09  Hive  
  138  20:13  Overlord x4  
  138  20:14  Overlord  
  138  20:58  Spore Crawler  
  138  21:01  Spore Crawler  
  138  21:02  Spore Crawler  
  135  21:05  Spore Crawler  
  135  21:07  Spore Crawler  
  133  21:17  Mutalisk x4  
  133  21:18  Mutalisk x5  
  151  21:50  Spine Crawler x2  
  151  21:51  Spine Crawler x2  
  103  22:18  Mutalisk  
  103  22:19  Mutalisk x8  
Show
View Real Time Build Order
Export as new Build Order

hooper Protoss 

Build Orders: Phoenix Opening 

Get SALT Encoding   

  12  0:01  Probe (Chrono Boost)  
  13  0:10  Probe (Chrono Boost)  
  14  0:20  Pylon  
  14  0:25  Assimilator  
  14  0:30  Probe  
  15  0:43  Gateway  
  15  0:46  Probe  
  16  1:04  Pylon  
  16  1:08  Assimilator, Probe (Chrono Boost)  
  17  1:18  Probe (Chrono Boost)  
  18  1:26  Probe  
  19  1:33  Cybernetics Core  
  19  1:39  Probe, Forge  
  20  1:51  Probe  
  21  2:05  Pylon  
  21  2:14  Stargate  
  21  2:25  Photon Cannon  
  21  2:29  Stalker  
  23  2:38  Probe (Chrono Boost)  
  23  2:39  Pylon  
  24  2:49  Probe (Chrono Boost)  
  25  2:54  Probe (Chrono Boost)  
  25  2:58  Phoenix (Chrono Boost)  
  28  3:05  Probe  
  29  3:17  Probe  
  30  3:29  Probe  
  31  3:36  Nexus  
  31  3:41  Probe  
  31  3:47  Robotics Facility  
  32  3:53  Probe  
  33  3:58  Pylon  
  33  4:05  Probe  
  33  4:17  Probe  
  33  4:22  Twilight Council  
  34  4:29  Probe  
  34  4:30  Shield Battery  
  35  4:35  Immortal (Chrono Boost)  
  39  4:47  Photon Cannon  
  37  4:55  Protoss Shields Level 1 (Chrono Boost)  
  37  5:04  Dark Shrine  
  37  5:05  Photon Cannon  
  37  5:15  Zealot (Chrono Boost)  
  37  5:16  Phoenix  
  41  5:21  Observer  
  42  5:29  Probe  
  42  5:34  Warp Gate  
  43  5:41  Probe  
  44  5:43  Observer  
  45  5:53  Probe  
  45  5:55  Pylon  
  46  5:57  Photon Cannon  
  46  6:05  Probe  
  46  6:10  Probe  
  48  6:22  Probe  
  49  6:26  Assimilator  
  49  6:30  Assimilator  
  49  6:32  Pylon  
  49  6:34  Probe  
  50  6:43  Phoenix  
  50  6:46  Probe  
  53  6:52  Gateway  
  53  6:54  Gateway  
  53  6:59  Dark Templar  
  55  7:08  Phoenix, Photon Cannon  
  57  7:10  Protoss Air Weapons Level 1  
  57  7:32  Phoenix  
  57  7:34  Nexus  
  59  7:37  Assimilator  
  59  7:42  Assimilator  
  60  7:47  Pylon  
  60  7:48  Dark Templar  
  60  7:49  Dark Templar  
  63  7:52  Nexus  
  63  7:54  Assimilator  
  63  7:58  Assimilator  
  63  7:59  Observer  
  63  8:03  Pylon  
  64  8:12  Immortal  
  64  8:15  Probe (Chrono Boost)  
  64  8:19  Dark Templar  
  67  8:25  Probe (Chrono Boost)  
  72  8:30  Probe (Chrono Boost)  
  73  8:35  Phoenix  
  75  8:41  Probe  
  75  8:43  Probe  
  77  8:54  Probe (Chrono Boost)  
  78  8:59  Photon Cannon  
  78  9:00  Photon Cannon  
  78  9:01  Pylon  
  78  9:04  Probe (Chrono Boost)  
  78  9:06  Pylon, Photon Cannon  
  78  9:09  Pylon  
  81  9:12  Probe x2 (Chrono Boost)  
  81  9:14  Probe (Chrono Boost)  
  82  9:20  Probe x2 (Chrono Boost)  
  85  9:24  Probe (Chrono Boost)  
  85  9:27  Pylon  
  85  9:28  Probe (Chrono Boost)  
  85  9:29  Probe (Chrono Boost)  
  85  9:30  Gateway  
  88  9:32  Probe (Chrono Boost), Gateway  
  88  9:33  Probe (Chrono Boost)  
  88  9:34  Void Ray  
  88  9:36  Probe  
  94  9:42  Robotics Bay, Probe  
  94  9:44  Probe  
  96  9:49  Probe (Chrono Boost)  
  96  9:51  Fleet Beacon  
  97  9:53  Observer  
  97  9:55  Probe (Chrono Boost)  
  100  10:01  Probe (Chrono Boost)  
  100  10:06  Probe (Chrono Boost)  
  101  10:10  Probe (Chrono Boost)  
  103  10:15  Observer  
  103  10:16  Probe (Chrono Boost)  
  103  10:17  Gateway  
  103  10:18  Probe (Chrono Boost)  
  103  10:20  Robotics Facility  
  105  10:23  Probe x2 (Chrono Boost), Gateway  
  107  10:28  Gateway  
  107  10:33  Nexus, Probe  
  107  10:35  Assimilator, Phoenix  
  110  10:38  Assimilator  
  110  10:42  Gravitic Drive  
  110  10:43  Flux Vanes  
  110  10:45  Probe  
  111  10:51  Protoss Shields Level 2 (Chrono Boost)  
  111  10:52  Pylon  
  111  11:00  Pylon  
  111  11:01  Probe (Chrono Boost)  
  112  11:11  Probe (Chrono Boost)  
  113  11:15  Colossus  
  113  11:16  Probe (Chrono Boost)  
  113  11:17  Forge  
  120  11:18  Forge  
  120  11:22  Cybernetics Core  
  120  11:29  Stargate  
  120  11:31  Stargate  
  121  11:33  Probe (Chrono Boost)  
  121  11:36  Stargate  
  121  11:37  Probe (Chrono Boost), Stargate  
  121  11:38  Extended Thermal Lance  
  122  11:41  Stargate  
  122  11:44  Shield Battery  
  122  11:46  Probe (Chrono Boost)  
  123  11:47  Shield Battery  
  123  11:51  Mothership (Chrono Boost)  
  131  12:00  Protoss Air Armor Level 1 (Chrono Boost)  
  133  12:02  Probe (Chrono Boost)  
  133  12:04  Probe (Chrono Boost)  
  133  12:06  Gateway  
  133  12:08  Probe (Chrono Boost)  
  134  12:11  Pylon  
  134  12:12  Probe  
  134  12:14  Photon Cannon  
  135  12:18  Protoss Air Weapons Level 2 (Chrono Boost)  
  135  12:23  Pylon  
  135  12:25  Probe  
  135  12:26  Phoenix x2  
  135  12:27  Phoenix x3  
  146  12:32  Colossus  
  146  12:35  Probe  
  153  12:37  Probe  
  147  12:47  Photon Cannon, Probe  
  147  12:48  Probe  
  147  12:49  Probe  
  143  12:51  Phoenix  
  143  12:56  Photon Cannon  
  141  12:59  Probe  
  141  13:00  Probe  
  131  13:10  Archon  
  120  13:12  Probe  
  120  13:19  Stalker x4  
  109  13:20  Stalker x5  
  109  13:23  Phoenix x5  
  109  13:26  Phoenix  
  126  13:51  Pylon  
  126  14:02  Pylon  
  108  14:26  Stalker x2  
  108  14:27  Stalker x3  
  115  14:47  Phoenix x5  
  125  14:59  Dark Templar x2  
  129  15:01  Dark Templar x3  
  129  15:02  Dark Templar x3  
  141  15:15  Probe (Chrono Boost)  
  141  15:16  Nexus  
  141  15:19  Pylon  
  141  15:20  Pylon  
  138  15:25  Probe (Chrono Boost)  
  131  15:30  Probe (Chrono Boost)  
  132  15:36  Stalker x5  
  132  15:37  Stalker x2  
  132  15:39  Phoenix  
  132  15:42  Probe  
  149  15:45  Photon Cannon  
  149  15:47  Shield Battery  
  149  15:54  Probe (Chrono Boost)  
  150  15:58  Pylon  
  151  16:05  Probe (Chrono Boost)  
  151  16:09  Assimilator  
  151  16:10  Probe (Chrono Boost)  
  151  16:11  Assimilator  
  151  16:12  Protoss Shields Level 3 (Chrono Boost)  
  151  16:15  Protoss Air Armor Level 2 (Chrono Boost), Pylon  
  151  16:16  Protoss Ground Armor Level 1 (Chrono Boost)  
  151  16:18  Protoss Ground Weapons Level 1 (Chrono Boost)  
  152  16:19  Protoss Air Weapons Level 3 (Chrono Boost)  
  152  16:20  Probe  
  153  16:32  Probe (Chrono Boost)  
  154  16:36  Probe (Chrono Boost)  
  155  16:43  Probe (Chrono Boost)  
  155  16:45  Probe (Chrono Boost)  
  157  16:48  Probe (Chrono Boost)  
  157  16:50  Probe (Chrono Boost)  
  159  16:56  Pylon  
  159  16:59  Probe, Tempest x2  
  159  17:00  Phoenix x2  
  174  17:02  Photon Cannon  
  174  17:04  Pylon  
  174  17:05  Stalker x2  
  178  17:11  Probe  
  178  17:14  Pylon  
  179  17:17  Pylon  
  179  17:19  Photon Cannon  
  179  17:21  Photon Cannon  
  179  17:22  Shield Battery  
  179  17:25  Pylon  
  179  17:27  Probe  
  180  17:31  Assimilator  
  180  17:33  Assimilator  
  180  17:38  Pylon  
  180  17:40  Probe  
  181  17:52  Probe  
  182  18:02  Archon x2  
  182  18:04  Probe  
  183  18:12  Observer  
  184  18:20  Photon Cannon  
  184  18:21  Photon Cannon  
  184  18:33  Photon Cannon  
  184  18:34  Photon Cannon  
  184  18:38  Probe (Chrono Boost)  
  184  18:39  Phoenix x4  
  184  18:40  Phoenix  
  195  18:43  Photon Cannon, Warp Prism  
  195  18:44  Photon Cannon  
  195  18:47  Probe (Chrono Boost)  
  198  18:52  Probe (Chrono Boost)  
  198  18:53  Photon Cannon  
  199  18:55  Photon Cannon  
  199  18:57  Photon Cannon  
  199  18:58  Photon Cannon  
  199  19:00  Photon Cannon  
  199  19:01  Shield Battery  
  199  19:02  Shield Battery  
  199  19:04  Shield Battery  
  199  19:06  Shield Battery  
  199  19:08  Probe (Chrono Boost)  
  199  19:09  Pylon  
  199  19:13  Pylon  
  199  19:17  Photon Cannon  
  199  19:18  Photon Cannon  
  199  19:20  Photon Cannon  
  197  20:28  Nexus, Phoenix  
  195  20:29  Phoenix  
  195  20:31  Assimilator  
  199  20:36  Assimilator  
  199  20:38  Pylon  
  199  20:40  Pylon  
  199  21:04  Pylon  
  199  21:07  Pylon  
  199  21:09  Pylon  
  193  21:17  Nexus  
  186  21:20  Pylon  
  186  21:21  Pylon  
  186  21:22  Pylon  
  163  21:59  Phoenix x6  
  138  22:02  Stalker x4  
  138  22:03  Stalker x4  
  136  22:10  Probe (Chrono Boost)  
  126  22:20  Probe x2 (Chrono Boost)  
  127  22:24  Phoenix  
  127  22:25  Probe (Chrono Boost)  
  127  22:26  Probe  
  127  22:28  Phoenix x2  
  127  22:29  Phoenix  
  137  22:33  Photon Cannon  
  137  22:35  Photon Cannon  
  137  22:37  Photon Cannon, Dark Templar x3  
  137  22:38  Dark Templar x5, Photon Cannon, Probe  
  137  22:42  Shield Battery  
  137  22:43  Shield Battery  
  154  22:46  Shield Battery  
  154  23:14  Assimilator  
  154  23:22  Archon  
  154  23:23  Archon x3  
  154  23:24  Archon  
  166  23:28  Stalker x3  
  166  23:29  Stalker x3  
  166  23:30  Stalker  
Show
View Real Time Build Order
Export as new Build Order

Dragon Protoss 

Build Orders: Cannon Rush 

Get SALT Encoding   

  12  0:12  Pylon  
  12  0:17  Probe  
  13  0:34  Forge  
  13  0:43  Gateway  
  13  1:10  Photon Cannon  
  13  1:15  Photon Cannon  
  13  1:23  Photon Cannon  
  13  1:36  Assimilator  
  13  1:41  Probe, Assimilator  
  14  1:52  Pylon  
  14  2:16  Photon Cannon  
  14  2:37  Cybernetics Core  
  14  2:59  Pylon  
  14  3:21  Stargate  
  14  3:45  Pylon  
  14  3:59  Photon Cannon  
  14  4:25  Nexus  
  14  4:27  Void Ray (Chrono Boost)  
  18  4:39  Assimilator  
  18  5:25  Void Ray  
  22  5:51  Zealot  
  23  6:46  Probe  
  22  6:58  Probe  
  23  7:10  Probe  
  24  7:20  Photon Cannon  
  24  7:22  Photon Cannon  
  24  7:23  Probe  
  24  7:25  Shield Battery  
  25  7:35  Probe  
  26  7:45  Pylon  
  26  8:05  Photon Cannon  
  26  8:35  Forge  
  26  8:54  Void Ray  
  30  9:02  Probe  
  31  9:14  Probe  
  27  9:27  Probe  
  27  9:37  Photon Cannon, Void Ray  
  26  9:58  Pylon  
  26  10:06  Stargate  
  26  10:09  Stargate  
  26  10:10  Probe  
  27  10:28  Probe  
  28  11:56  Nexus  
  28  12:04  Pylon  
  28  12:17  Probe  
  29  12:29  Probe  
  30  13:26  Probe (Chrono Boost)  
  31  13:38  Probe (Chrono Boost)  
  32  13:43  Probe x2 (Chrono Boost)  
  34  13:53  Probe x2  
  34  13:54  Probe  
  37  14:05  Probe x2  
  37  14:06  Probe  
  40  14:18  Probe  
  40  14:19  Void Ray  
  45  14:28  Photon Cannon  
  45  14:30  Probe  
  46  14:43  Probe  
  47  14:52  Pylon  
  47  15:06  Probe  
  48  15:12  Assimilator  
  48  15:14  Photon Cannon  
  48  15:16  Probe  
  48  15:18  Probe  
  34  15:30  Probe (Chrono Boost)  
  34  15:33  Probe (Chrono Boost)  
  34  15:34  Void Ray  
  34  15:35  Void Ray  
  44  15:40  Probe (Chrono Boost)  
  45  15:45  Probe (Chrono Boost)  
  46  15:54  Nexus  
  46  15:56  Probe  
  47  16:11  Void Ray  
  51  16:18  Stargate  
  51  16:25  Robotics Facility  
  51  16:30  Fleet Beacon  
  51  16:35  Void Ray  
  51  16:36  Void Ray  
  59  17:07  Probe  
  60  17:19  Probe  
  61  17:31  Probe, Assimilator  
  61  17:35  Assimilator  
  62  17:43  Probe  
  63  17:46  Probe  
  64  17:55  Probe  
  64  17:58  Probe  
  66  18:01  Assimilator  
  66  18:09  Void Ray x3  
  66  18:10  Void Ray  
  82  18:19  Observer  
  83  18:40  Observer  
  84  18:52  Void Ray x4  
  100  19:02  Observer  
  101  19:13  Probe  
  102  19:26  Probe  
  103  19:35  Void Ray  
  107  20:08  Carrier x2 (Chrono Boost)  
  119  20:38  Carrier (Chrono Boost)  
  119  20:39  Pylon  
  119  20:41  Pylon, Carrier (Chrono Boost)  
  121  20:43  Pylon  
  121  20:47  Pylon  
  75  21:07  Carrier x2 (Chrono Boost)  
  87  21:35  Carrier  
  87  21:38  Carrier  
  99  22:05  Carrier  
  99  22:06  Carrier  
  111  22:10  Pylon  
  111  22:12  Pylon  
  111  22:15  Pylon  
  113  23:26  Probe  
Show
View Real Time Build Order
Export as new Build Order

Zerrotul Zerg 

Build Orders: Hatch First 

Get SALT Encoding   

  12  0:02  Drone  
  13  0:09  Drone  
  14  0:18  Overlord  
  14  0:29  Overlord  
  14  0:43  Drone x2  
  16  1:01  Hatchery  
  15  1:05  Extractor  
  15  1:08  Extractor, Drone  
  15  1:10  Drone  
  15  1:14  Drone  
  16  1:32  Spawning Pool  
  15  1:34  Drone  
  15  1:37  Drone  
  17  1:41  Drone  
  18  1:57  Drone  
  19  2:03  Drone  
  20  2:13  Drone  
  21  2:15  Drone  
  21  2:19  Metabolic Boost  
  21  2:22  Queen  
  24  2:47  Hatchery  
  23  2:55  Queen  
  25  3:17  Baneling Nest  
  25  3:20  Zergling x8  
  25  3:21  Zergling x2  
  29  3:28  Overlord  
  29  3:38  Zergling x4  
  32  3:41  Zergling x2  
  32  3:44  Zergling x2  
  33  3:56  Zergling x6  
  33  4:00  Zergling x2  
  37  4:07  Zergling x4  
  24  7:07  Lair  
  24  7:08  Pneumatized Carapace  
  24  7:12  Hatchery  
  23  7:17  Zergling x12  
  23  7:18  Zergling x8  
  33  7:56  Baneling x6  
  33  7:57  Baneling x7  
  33  7:58  Baneling x7  
  33  8:02  Zergling x4  
  33  8:03  Zergling x16  
  33  8:04  Zergling x10  
  23  9:48  Drone x3  
  26  9:55  Spire  
  26  9:57  Spire  
  24  10:02  Drone x3  
  24  10:03  Drone x7  
  24  10:04  Drone x7  
  24  10:05  Drone  
  42  10:13  Extractor  
  41  10:21  Drone  
  41  10:22  Drone x2, Hatchery  
  43  10:32  Extractor  
  42  11:21  Hatchery, Zerg Flyer Armor Level 1  
  42  11:22  Mutalisk  
  42  11:23  Mutalisk x6  
  55  11:26  Overlord x2  
  55  11:34  Queen  
  55  11:37  Overlord x3  
  56  11:50  Drone  
  56  11:51  Drone  
  58  11:57  Overlord x2  
  58  11:58  Overlord x3  
  58  12:05  Mutalisk x2  
  62  12:16  Overseer x2  
  62  12:26  Zerg Flyer Weapons Level 1  
  62  12:32  Infestation Pit  
  62  12:36  Drone x3  
  64  12:38  Queen  
  66  12:50  Mutalisk x3  
  66  12:51  Mutalisk  
  74  13:29  Drone  
  74  13:30  Drone x7  
  74  13:31  Drone x4  
  86  13:35  Extractor  
  86  13:38  Extractor  
  86  13:40  Drone x3  
  87  13:50  Zerg Flyer Armor Level 2  
  87  13:53  Hive  
  67  14:50  Corruptor  
  67  14:51  Corruptor x3  
  67  14:52  Corruptor x7  
  75  14:53  Corruptor x5  
  75  14:54  Corruptor  
  75  14:59  Drone x3  
  98  15:12  Drone x2  
  100  15:17  Overseer x2  
  100  15:22  Drone x2  
  100  15:23  Drone  
  100  15:24  Queen  
  105  15:29  Zerg Flyer Weapons Level 2  
  105  15:35  Mutalisk x6  
  109  15:36  Mutalisk  
  119  15:43  Drone x2  
  119  15:44  Drone  
  119  15:48  Extractor  
  121  15:51  Extractor  
  120  16:10  Mutalisk x4  
  120  16:11  Mutalisk  
  130  16:23  Drone  
  131  16:52  Overlord x5  
  131  16:53  Overlord  
  131  16:59  Overlord  
  131  17:00  Overlord x4  
  131  17:07  Zerg Flyer Armor Level 3  
  131  17:11  Mutalisk x5  
  131  17:12  Mutalisk  
  131  17:14  Mutalisk  
  145  17:43  Mutalisk x2  
  145  17:44  Mutalisk x2  
  146  17:45  Mutalisk  
  122  19:07  Mutalisk x6  
  122  19:08  Mutalisk x3  
  140  19:10  Zergling x10  
  143  19:39  Mutalisk x3  
  149  19:56  Zergling x16  
  149  19:57  Zergling x12  
  149  19:58  Zergling x6  
  166  20:37  Zergling x4  
  166  20:38  Zergling x14  
  166  20:39  Zergling x12  
  179  21:21  Mutalisk  
  179  21:22  Mutalisk x7  
  179  21:23  Mutalisk  
  191  21:32  Queen x2  
  193  21:35  Queen  
  78  22:33  Queen x2  
Show
View Real Time Build Order
Export as new Build Order

IIIIIIIIIIII Terran 

Build Orders:  

Get SALT Encoding   

  12  0:19  Supply Depot, SCV  
  13  0:31  SCV  
  14  0:43  SCV  
  15  1:00  Barracks  
  15  1:14  SCV  
  16  1:22  Refinery  
  16  1:26  SCV  
  16  1:27  Refinery  
  17  1:38  SCV  
  18  1:48  Supply Depot  
  18  1:50  SCV, Engineering Bay  
  19  2:02  SCV  
  20  2:14  SCV  
  21  2:23  Marine  
  21  2:24  Factory  
  21  2:26  SCV  
  23  2:38  SCV  
  23  2:41  Marine  
  25  2:50  SCV  
  26  2:59  Marine  
  27  3:09  Factory Tech Lab  
  27  3:17  Marine  
  28  3:34  Marine  
  29  3:51  Supply Depot  
  29  4:08  Reaper  
  30  4:12  Siege Tank  
  30  4:14  Supply Depot  
  33  4:40  Reaper  
  33  4:44  Siege Tank  
  37  4:54  Command Center  
  37  5:12  Reaper  
  33  5:44  Reaper  
  30  6:09  Cyclone  
  33  6:16  Reaper  
  34  6:24  Starport  
  34  6:41  Cyclone  
  37  6:59  Reaper  
  38  7:13  Starport, Cyclone  
  41  7:31  Reaper  
  42  7:45  Cyclone  
  45  8:03  Reaper  
  46  8:17  Cyclone  
  49  8:35  Reaper  
  50  8:50  Cyclone  
  53  9:07  Reaper  
  54  9:22  Cyclone  
  44  9:39  Reaper  
  41  9:54  Cyclone  
  44  10:11  Reaper  
  44  10:12  SCV  
  46  10:24  Refinery, SCV  
  46  10:26  Cyclone  
  50  10:34  Liberator  
  53  10:36  SCV  
  54  10:43  Reaper  
  54  10:48  SCV  
  56  10:51  Refinery  
  56  10:58  Cyclone  
  56  11:01  SCV  
  60  11:38  Supply Depot  
  60  11:59  Liberator, Cyclone  
  66  12:01  Supply Depot  
  66  12:23  Supply Depot  
  66  12:31  Cyclone  
  69  12:48  SCV  
  70  13:00  SCV  
  68  13:12  SCV  
  69  13:24  SCV  
  70  13:29  Liberator  
  73  13:36  SCV  
  74  14:12  Liberator  
  74  14:54  Liberator  
  74  14:55  Hellion  
  79  15:16  Hellion  
  39  15:38  Hellion  
  41  15:59  Hellion  
  43  16:20  Hellion  
  45  16:58  Viking  
  47  17:02  Viking  
  49  17:28  Viking, Command Center  
  51  17:32  Viking  
  53  17:58  Viking  
  53  18:02  Viking  
  57  18:28  Viking  
  57  18:32  Viking  
  61  18:58  Viking  
  61  19:02  Viking  
  65  19:28  Viking  
  67  19:54  Starport Reactor  
  67  20:09  Starport Reactor  
  60  20:56  Liberator  
  63  20:57  Viking  
  63  21:03  Viking x2  
  69  21:27  Viking  
  71  21:33  Viking  
  71  21:39  Viking  
  73  21:57  Viking  
  69  22:08  Viking  
  71  22:27  Viking  
  66  22:38  Viking  
  66  22:43  Viking x2  
  72  22:57  Viking  
  74  23:08  Viking  
Show
View Real Time Build Order
Export as new Build Order

Stio Zerg 

Build Orders: Pool First 

Get SALT Encoding   

  12  0:10  Drone x2  
  14  0:31  Overlord  
  14  1:02  Spawning Pool  
  14  1:03  Drone x3  
  16  1:15  Drone  
  17  1:39  Extractor  
  16  1:43  Drone x2, Extractor  
  17  1:48  Queen  
  17  1:50  Zergling x2  
  20  2:11  Hatchery  
  19  2:48  Zergling x2  
  19  2:49  Zergling x4  
  22  3:20  Metabolic Boost  
  22  3:23  Zergling x6  
  22  3:24  Zergling x4  
  20  4:40  Zergling x6  
  21  5:31  Zergling x4  
  21  5:32  Zergling x2  
  24  5:56  Zergling x2  
  24  5:57  Zergling x2  
  26  6:06  Drone  
  26  6:07  Zergling x2  
  26  6:09  Overlord x2  
  28  6:25  Lair  
  28  6:33  Zergling x4  
  28  6:36  Zergling x2  
  28  6:37  Zergling x4  
  19  7:33  Spire  
  18  7:38  Drone  
  18  7:39  Drone x2  
  18  7:40  Queen  
  23  8:11  Overseer x2  
  23  8:12  Overseer  
  23  8:13  Overseer  
  23  8:46  Mutalisk x5  
  23  8:47  Mutalisk x5  
  43  8:54  Pneumatized Carapace  
  43  8:58  Drone  
  44  9:05  Overlord  
  44  9:06  Overlord x5  
  44  9:07  Overlord  
  44  9:28  Mutalisk x3  
  44  9:29  Mutalisk  
  52  10:07  Mutalisk  
  52  10:08  Mutalisk  
  56  10:19  Extractor, Drone x4  
  56  10:20  Drone x5  
  56  10:21  Extractor  
  63  11:00  Mutalisk  
  63  11:01  Mutalisk x2  
  69  11:29  Mutalisk  
  71  11:34  Drone  
  71  11:35  Drone x2  
  74  11:54  Mutalisk x2  
  74  11:57  Mutalisk  
  80  12:26  Mutalisk x3  
  48  14:30  Mutalisk x2  
  48  14:31  Mutalisk x5  
  52  14:32  Mutalisk x2  
  52  14:36  Mutalisk x3  
  72  15:15  Mutalisk x3  
  72  15:20  Mutalisk x4  
  86  15:30  Zerg Flyer Weapons Level 1  
  86  15:50  Drone  
  86  15:51  Drone x5  
  92  16:15  Hatchery  
  91  16:36  Mutalisk x3  
  91  16:37  Mutalisk  
  99  16:43  Overlord x5  
  99  17:24  Zerg Flyer Armor Level 1  
  99  17:28  Mutalisk x6  
  111  17:33  Mutalisk  
  111  17:34  Mutalisk x4  
  121  17:38  Mutalisk  
  121  17:42  Mutalisk  
  123  19:13  Mutalisk x5  
  123  19:14  Mutalisk x5  
  143  19:20  Mutalisk  
  145  19:24  Overlord  
  145  19:25  Overlord x3  
  145  19:26  Overlord  
  145  19:43  Zerg Flyer Weapons Level 2  
  145  20:04  Mutalisk  
  49  22:31  Mutalisk x3  
  49  22:35  Mutalisk  
  49  22:36  Mutalisk x5  
  63  22:41  Zergling x6  
  63  22:42  Zergling x10  
  63  22:43  Zergling x6  
Show
View Real Time Build Order
Export as new Build Order

BalB Zerg 

Build Orders: Pool First 

Get SALT Encoding   

  12  0:36  Extractor  
  11  0:57  Drone x3  
  14  1:07  Spawning Pool  
  13  1:27  Hatchery  
  12  1:46  Extractor  
  11  1:54  Zergling x2  
  11  1:55  Zergling x4  
  11  2:00  Metabolic Boost  
  14  2:09  Overlord  
  14  2:43  Zergling x6  
  17  3:22  Zergling x2  
  17  3:23  Zergling x4  
  20  3:44  Overlord  
  20  4:01  Queen  
  21  4:36  Zergling x2  
  21  4:37  Zergling x4  
  21  5:19  Zergling x6  
  13  6:48  Roach Warren  
  12  7:01  Zergling x4  
  12  7:02  Zergling x10  
  12  7:03  Zergling x2  
  12  7:08  Zergling x6  
  12  8:15  Lair  
  12  8:18  Roach x4  
  24  9:10  Roach x3  
  26  9:50  Nydus Network  
  25  10:10  Roach  
  27  10:36  Nydus Canal  
  25  11:28  Drone, Hydralisk Den  
  25  12:09  Nydus Canal  
  25  12:24  Drone  
  26  13:55  Drone x2  
  28  13:56  Spire  
  13  15:15  Mutalisk  
  13  15:16  Mutalisk x3  
  21  15:28  Mutalisk  
  23  15:42  Drone  
  24  15:46  Drone  
  25  15:53  Drone  
  26  16:30  Mutalisk  
  28  16:33  Overlord x2  
  28  16:34  Overlord x2  
  28  16:53  Mutalisk x5  
  28  16:54  Mutalisk x4  
  36  16:55  Mutalisk x3  
  52  17:24  Mutalisk  
  54  17:51  Extractor  
  54  17:55  Extractor  
  50  19:02  Drone x3  
  27  20:11  Mutalisk  
  29  20:44  Mutalisk  
  13  22:15  Overlord  
  13  22:36  Mutalisk  
  13  22:37  Mutalisk x2  
Tags
 
Add a new tag
Caveats
  • Supply blocks, unpowered buildings, or Contaminate may cause inaccurate times.
  • Supply counts are checked every 10 seconds.